 Dungeon Crawl Stone Soup version 0.31-a0-167-g1c394c0614 (webtiles) character file.

Game seed: 10155088880930313657

3584 Midn8 the Firebug (level 9, -5/63 HPs)
             Began as a Demonspawn Fire Elementalist on June 14, 2023.
             Was a Believer of Cheibriados.
             Slain by a komodo dragon (20 damage)
             ... on level 8 of the Dungeon.
             The game lasted 00:25:59 (9431 turns).

Midn8 the Firebug (Demonspawn Fire Elementalist)    Turns: 9431, Time: 00:26:00

Health: -5/63      AC: 15    Str: 16    XL:     9   Next: 85%
Magic:  17/24      EV: 14    Int: 26    God:    Cheibriados [**....]
Gold:   409        SH:  4    Dex: 19    Spells: 6/16 levels left

rFire   . . .        a - +2 hand crossbow (flame)
rCold   . . .        q - +0 buckler
rNeg    . . .        I - +0 steam dragon scales
rPois   .            g - +1 helmet
rElec   .            A - +1 cloak
rCorr   .            (no gloves)
SInv    .            (boots unavailable)
Will    .....        v - amulet of faith
Stlth   ++           r - +4 ring of protection
HPRegen 0.30/turn    H - ring of magical power
MPRegen 0.19/turn

%: faith
@: very slow
A: hooves 3, yellow scales 1, foul stench 1
a: Renounce Religion, Bend Time


You were on level 8 of the Dungeon.
You worshipped Cheibriados.
Cheibriados was pleased with you.
You visited 1 branch of the dungeon, and saw 8 of its levels.

You collected 409 gold pieces.

Inventory:

Hand Weapons
 a - a +2 hand crossbow of flaming (weapon)
 b - a +4 quarterstaff of draining
 d - a +0 quarterstaff
 w - a +0 lajatang
Missiles
 i - 3 javelins
Armour
 g - a +1 helmet (worn)
 j - a +0 robe
 q - a +0 buckler (worn)
 s - a +0 leather armour of fire resistance
 A - a +1 cloak (worn)
 I - +0 steam dragon scales (worn)
Jewellery
 f - a ring of ice
 r - a +4 ring of protection (left hand)
 v - an amulet of faith (around neck)
 H - a ring of magical power (right hand)
Wands
 B - a wand of flame (12)
Scrolls
 e - 3 scrolls of teleportation
 k - a scroll of identify
 l - 2 scrolls of fear
 t - a scroll of silence
 x - a scroll of enchant weapon {unknown}
 D - a scroll of blinking {unknown}
 E - a scroll of torment {unknown}
Potions
 c - 7 potions of attraction
 h - 2 potions of enlightenment
 m - 6 potions of curing
 n - 2 potions of cancellation {unknown}
 o - 2 potions of might
 p - a potion of degeneration {unknown}
 u - 2 potions of heal wounds {unknown}
 y - a potion of magic
 z - a potion of mutation {unknown}
 C - 2 potions of brilliance {unknown}
 F - a potion of berserk rage {unknown}
 G - a potion of lignification {unknown}


   Skills:
 - Level 3.0 Fighting
 - Level 6.0 Ranged Weapons
 + Level 4.4 Dodging
 - Level 1.7 Stealth
 - Level 4.0 Spellcasting
 - Level 5.0 Conjurations
 - Level 3.0 Translocations
 - Level 7.0 Fire Magic
 - Level 6.0 Invocations


You had 6 spell levels left.
You knew the following spells:

 Your Spells              Type           Power      Damage    Failure   Level
a - Foxfire               Conj/Fire      100%       2x1d9     1%          1
b - Volatile Blastmotes   Fire/Tloc      62%        2d15      4%          3
s - Scorch                Fire           82%        2d8       1%          2
w - Flame Wave            Conj/Fire      36%        2d10      10%         4

Your spell library contained the following spells:

 Spells                   Type           Power      Damage    Failure   Level
 Magic Dart               Conj           100%       1d8       1%          1
 Searing Ray              Conj           62%        2d6       2%          2
 Kiss of Death            Conj/Necr      72%        2d10      4%          1
 Inner Flame              Hex/Fire       23%        N/A       8%          3
 Necrotise                Necr           20%        1d5       11%         1
 Slow                     Hex            20%        N/A       11%         1
 Ensorcelled Hibernation  Hex/Ice        10%        N/A       17%         2
 Passwall                 Tmut/Erth      4%         N/A       17%         2
 Portal Projectile        Hex/Tloc       26%        N/A       19%         3
 Confusing Touch          Hex            5%         N/A       32%         3
 Swiftness                Air            5%         N/A       32%         3
 Tukima's Dance           Hex            5%         N/A       32%         3
 Vampiric Draining        Necr           5%         2d6       32%         3
 Fulminant Prism          Conj/Hex       9%         3d7       36%         4
 Dispel Undead            Necr           5%         3d7       73%         4
 Agony                    Necr           5%         N/A       97%         5
 Blade Hands              Tmut           2%         N/A       97%         5


Dungeon Overview and Level Annotations

Branches:
Dungeon (8/15)             Temple (0/1) D:7
   Lair: D:8-11

Altars:
Cheibriados


Innate Abilities, Weirdness & Mutations

You have hooves in place of feet.
You are partially covered in yellow scales. (AC +2)
You may rarely emit foul miasma when damaged in melee.


Message History

The concussive blast engulfs the steam dragon!
You kill the steam dragon!
Cheibriados appreciates the change of pace.
The komodo dragon is knocked back by the blast.
You are knocked back by the blast.
The komodo dragon hisses menacingly.
You hear a shout! x3
Your Dodging skill increases to level 4!
Fire: a) +2 hand crossbow (flame)
Press: ? - help, Q - select action, (/) - cycle Shift-Dir - straight line, f - komodo dragon
Aim: a komodo dragon (moderately wounded, 74% to hit)
Okay, then.
Casting: Volatile Blastmotes (dangerous; 4% risk of failure)
Confirm with . or Enter, or press ? or * to list all spells.
Flames lash the komodo dragon.
The komodo dragon is heavily wounded.
The komodo dragon's fire resistance burns away.
Casting: Scorch (safe; 1% risk of failure)
Confirm with . or Enter, or press ? or * to list all spells.
A cloud of volatile blastmotes flares up around you!
You block the komodo dragon's attack.
Unknown command.
The komodo dragon attacks as you move away!
The komodo dragon bites you!!
You emit a cloud of foul miasma!
The komodo dragon is no longer more vulnerable to fire.
The komodo dragon is engulfed in dark miasma.
The komodo dragon is poisoned.
The cloud of blastmotes explodes!
The concussive blast engulfs the komodo dragon!
The komodo dragon is almost dead.
The concussive blast engulfs you!!
* * * LOW HITPOINT WARNING * * *
You are knocked back by the blast.
Unknown command.
Fire: a) +2 hand crossbow (flame)
Press: ? - help, Q - select action, (/) - cycle Shift-Dir - straight line, f - komodo dragon
Aim: a komodo dragon (almost dead, poisoned, 74% to hit)
You shoot a bolt.
The bolt barely misses the komodo dragon.
The komodo dragon bites you!!
You die...

#.# #.# #....... #.#
#.######.###### #.
#..............
#...........### ## ####
#############
#.##..####.#######
#.#.##..........##
#.###........###....##
#....†☼.l@.####.###..####
........######
####.##...## #........
#######.. .....####. ###
..##. ## # #


You could see a komodo dragon (poisoned).

Vanquished Creatures
  Maggie (D:8)
  A troll (D:6)
  A wyvern (D:8)
  2 steam dragons (D:8)
  3 water moccasins (D:7)
  2 black bears
  2 ice beasts
  4 sky beasts
  A centaur (D:7)
  A phantom (D:5)
  5 bullfrogs
  5 scorpions
  4 wights (D:7)
  A jelly (D:5)
  Crazy Yiuf (D:3)
  4 hounds (D:4)
  2 orc priests
  An iron imp (D:5)
  Jessica (D:3)
  2 iguanas
  An orc wizard (D:6)
  9 adders
  A gnoll (D:4)
  A shadow imp (D:7)
  5 white imps
  3 worms
  2 dart slugs
  26 orcs
  12 ball pythons
  3 bats
  7 endoplasms
  3 giant cockroaches (D:2)
  14 hobgoblins
  8 jackals
  3 quokkas
  3 frilled lizards
  16 goblins
  13 kobolds
  6 rats
180 creatures vanquished.

Vanquished Creatures (others)
  334 foxfires
334 creatures vanquished.

Grand Total: 514 creatures vanquished

Notes
Turn   | Place    | Note
-------+----------+-------------------------------------------
     0 | D:1      | Midn8 the Demonspawn Fire Elementalist began the quest for
                  | the Orb.
     0 | D:1      | Reached XP level 1. HP: 13/13 MP: 3/3
   326 | D:1      | Gained mutation: You have large cloven feet. [demonic
                  | ancestry]
   326 | D:1      | Reached XP level 2. HP: 19/19 MP: 3/5
   791 | D:1      | Gained mutation: You are partially covered in yellow
                  | scales. (AC +2) [demonic ancestry]
   791 | D:1      | Reached XP level 3. HP: 24/24 MP: 1/7
  1139 | D:1      | Learned a level 2 spell: Scorch
  1706 | D:2      | Learned a level 3 spell: Volatile Blastmotes
  1737 | D:2      | Gained mutation: You have hoof-like feet. [demonic
                  | ancestry]
  1737 | D:2      | Reached XP level 4. HP: 30/30 MP: 3/10
  2204 | D:2      | Reached skill level 1 in Translocations
  2204 | D:2      | Reached skill level 3 in Fire Magic
  2953 | D:3      | Reached XP level 5. HP: 35/35 MP: 6/11
  3576 | D:3      | Found a faded altar of an unknown god.
  3585 | D:3      | Noticed Jessica
  3588 | D:3      | Killed Jessica
  4027 | D:3      | Found a runed translucent door.
  4028 | D:3      | Noticed Crazy Yiuf
  4035 | D:3      | Killed Crazy Yiuf
  4353 | D:4      | Reached skill level 4 in Fire Magic
  4353 | D:4      | Gained mutation: You have hooves in place of feet. [demonic
                  | ancestry]
  4353 | D:4      | Reached XP level 6. HP: 42/42 MP: 0/12
  4529 | D:4      | Reached skill level 1 in Fighting
  5989 | D:5      | Entered Level 5 of the Dungeon
  6001 | D:4      | Reached XP level 7. HP: 26/52 MP: 3/13
  6350 | D:5      | Found a snail-covered altar of Cheibriados.
  6400 | D:5      | Became a worshipper of Cheibriados the Contemplative
  6472 | D:5      | Identified a scroll of acquirement
  6472 | D:5      | Acquired a +2 hand crossbow of flaming
  6500 | D:5      | Reached skill level 5 in Fire Magic
  6762 | D:5      | Reached skill level 6 in Fire Magic
  7114 | D:6      | Noticed a troll
  7119 | D:6      | Killed a troll
  7120 | D:6      | Reached skill level 7 in Fire Magic
  7120 | D:6      | Reached skill level 1 in Ranged Weapons
  7120 | D:6      | Gained mutation: You may rarely emit foul miasma when
                  | damaged in melee. [demonic ancestry]
  7120 | D:6      | Reached XP level 8. HP: 44/58 MP: 14/14
  7202 | D:6      | Reached * piety under Cheibriados
  7733 | D:6      | Found the +18 Lear's hauberk
  7756 | D:6      | You fall into a shaft and drop 2 floors!
  8156 | D:7      | Reached skill level 5 in Ranged Weapons
  8297 | D:7      | Reached XP level 9. HP: 63/63 MP: 15/15
  8329 | D:7      | Reached ** piety under Cheibriados
  8396 | D:7      | Reached skill level 5 in Invocations
  8429 | D:7      | Found a staircase to the Ecumenical Temple.
  9050 | D:8      | Noticed Maggie
  9058 | D:8      | Killed Maggie
  9059 | D:8      | Reached skill level 5 in Conjurations
  9064 | D:8      | Learned a level 4 spell: Flame Wave
  9422 | D:8      | Noticed a komodo dragon
  9431 | D:8      | Slain by a komodo dragon

Illustrated notes

Levels and vault maps discovered:
D:1:      minmay_arrival_hallway, layout_loops_ring, minmay_misc_feat_rugged
D:2:      layout_loops_ring, serial_glass, glass_columns_b, glass_columns_c,
          glass_columns_b, glass_columns_a, minmay_snake_closets
D:3:      layout_basic, chequers_ecumenical_altar_island, minivault_25,
          uniq_jessica, uniq_crazy_yiuf_cottage
D:4:      corexii_shantytown, layout_layer_cave
D:5:      layout_basic, slow_altar_2, nicolae_zen_rock_garden
D:6:      layout_basic, hellmonk_guarded_unrand_lears
D:7:      layout_basic, minmay_temple_entry_nine_rooms
D:8:      layout_loops_ring, erik_lair_dragon, kennysheep_generic_room_6,
          uniq_maggie

Skill      XL: |  1  2  3  4  5  6  7  8  9 |
---------------+----------------------------+-----
Spellcasting   | 3 4 |  4.0
Translocations | 1 3 |  3.0
Fire Magic     | 3 4 7 |  7.0
Fighting       | 3 |  3.0
Ranged Weapons | 1 6 |  6.0
Invocations    | 3 6 |  6.0
Conjurations   | 5 |  5.0
Dodging        | 4 |  4.4
Stealth        | |  1.7

Action                     |  1- 3 |  4- 6 |  7- 9 || total
---------------------------+-------+-------+-------++-------
  Melee: Quarterstaff      |    53 |    42 |     9 ||   104
         Kick              |    10 |     7 |     2 ||    19
   Fire: Hand crossbow     |       |       |   117 ||   117
   Cast: Foxfire           |    58 |   129 |    14 ||   201
         Scorch            |     1 |    20 |    21 ||    42
         Volatile Blastmot |       |     6 |     8 ||    14
    Use: Scroll            |     2 |       |    13 ||    15
   Stab: Sleeping          |     1 |     3 |       ||     4
 Armour: Robe              |    24 |     2 |       ||    26
         Leather armour    |       |    25 |    68 ||    93
  Dodge: Dodged            |    51 |    40 |    66 ||   157
  Block: Buckler           |       |       |     4 ||     4

Table legend: (Time is in decaauts)
 A = Elapsed time spent in this place.
 B = Non-inter-level travel time spent in this place.
 C = Inter-level travel time spent in this place.
 D = Time resting spent in this place.
 E = Time spent auto-exploring this place.
 F = Levels seen in this place.
 G = Mean time per level.
                   A        B        C        D        E       F      G
               +--------+--------+--------+--------+--------+-----+--------+
         Total |  10475 |  10007 |    468 |   2839 |   5599 |   8 | 1309.4 |
       Dungeon |  10475 |  10007 |    468 |   2839 |   5599 |   8 | 1309.4 |
               +--------+--------+--------+--------+--------+-----+--------+

Top non-repeatable levels by time:
     D:4: 1880 daAuts
     D:2: 1537 daAuts
     D:1: 1400 daAuts
     D:3: 1397 daAuts
     D:6: 1366 daAuts
     D:5: 1033 daAuts
     D:7: 989 daAuts
     D:8: 871 daAuts
